Map: New Gettysburg LE

Players

Suppy - Winner!

  • Race: Zerg Zerg
  • League: Master

Bails

  • Race: Protoss Protoss
  • League: Grandmaster

Event: Cheesadelphia Summer 2016

VOD

https://www.youtube.com/watch?v=Ik9BNuxj_Ns

Description

Time

  • Played on: July 23, 2016, 8:04 p.m.
  • Length: 18:07

All games in this series

Show
View Real Time Build Order
Export as new Build Order

Suppy Zerg - Winner!

Build Orders: Pool First 

Get SALT Encoding   

  12  0:00  Drone  
  13  0:13  Overlord  
  13  0:19  Drone  
  14  0:31  Drone x2  
  14  0:35  Drone  
  17  1:04  Drone x2  
  17  1:05  Spawning Pool  
  17  1:11  Drone  
  19  1:25  Overlord  
  19  1:27  Extractor  
  19  1:30  Drone  
  19  1:40  Overlord  
  19  1:52  Hatchery, Queen, Zergling x2  
  21  2:01  Zergling x2  
  22  2:12  Drone  
  23  2:22  Drone  
  24  2:28  Metabolic Boost  
  24  2:32  Hatchery  
  24  2:35  Drone  
  24  2:44  Drone  
  25  2:51  Queen  
  25  2:55  Drone  
  28  3:00  Zergling x2  
  28  3:03  Drone x2  
  31  3:12  Queen  
  31  3:16  Zergling x2  
  31  3:17  Zergling x2  
  35  3:22  Drone  
  35  3:24  Drone  
  37  3:30  Drone x2  
  37  3:32  Drone  
  40  3:39  Drone x2  
  42  3:47  Lair  
  42  3:49  Extractor, Drone  
  42  3:54  Overlord  
  42  3:56  Drone  
  43  4:09  Baneling Nest, Drone  
  43  4:10  Drone x4  
  43  4:13  Drone  
  43  4:15  Drone  
  43  4:16  Drone  
  50  4:20  Overlord  
  50  4:23  Drone  
  51  4:27  Zergling x4  
  53  4:32  Zergling x6  
  53  4:36  Zergling x4  
  58  4:39  Zergling x4  
  58  4:42  Zergling x4  
  62  4:46  Zergling x4  
  62  4:47  Zergling x2  
  65  4:57  Zergling x2  
  65  5:02  Overlord x3  
  65  5:07  Spire  
  65  5:09  Extractor x2  
  65  5:10  Drone x3  
  64  5:15  Drone  
  64  5:22  Drone x6  
  64  5:26  Drone x2  
  64  5:27  Drone  
  67  5:30  Drone  
  67  5:36  Drone x2  
  67  5:37  Overseer  
  67  5:40  Drone x4  
  72  5:43  Drone  
  73  5:52  Drone x3  
  73  5:53  Drone x2  
  73  5:54  Drone  
  78  6:05  Extractor, Zergling x4  
  78  6:06  Extractor, Zergling x10  
  83  6:11  Overlord  
  83  6:13  Overlord  
  83  6:14  Overlord  
  83  6:17  Baneling x5  
  83  6:18  Baneling  
  83  6:23  Drone  
  83  6:24  Hydralisk Den  
  83  6:27  Drone  
  83  6:30  Drone  
  85  6:33  Overseer  
  81  6:41  Spore Crawler  
  81  6:43  Overseer  
  79  6:53  Drone x3  
  79  6:59  Mutalisk x6  
  86  7:03  Zerg Flyer Weapons Level 1  
  86  7:05  Mutalisk  
  86  7:06  Mutalisk, Hatchery  
  89  7:16  Mutalisk  
  91  7:27  Queen  
  91  7:28  Drone x2  
  93  7:34  Drone x7  
  100  7:43  Mutalisk x3  
  106  7:46  Drone x2  
  106  7:47  Drone x2  
  106  7:49  Mutalisk  
  112  8:05  Overlord x3  
  112  8:13  Overlord  
  112  8:18  Mutalisk x4  
  120  8:28  Mutalisk x2  
  120  8:30  Overlord  
  122  8:34  Mutalisk  
  122  8:35  Overlord  
  122  8:38  Evolution Chamber, Drone x2  
  122  8:41  Spine Crawler  
  124  8:46  Mutalisk x2  
  128  8:50  Baneling x2  
  128  8:51  Baneling x3  
  128  8:52  Extractor  
  128  8:53  Extractor, Zergling x8  
  128  8:54  Hatchery  
  129  8:59  Mutalisk  
  129  9:03  Mutalisk  
  129  9:05  Zergling x12  
  137  9:13  Overlord  
  137  9:15  Drone x5  
  142  9:19  Drone x4  
  144  9:24  Overlord  
  144  9:25  Overseer  
  140  9:31  Mutalisk x3  
  142  9:38  Mutalisk  
  142  9:43  Mutalisk  
  142  9:45  Zergling x16  
  147  9:55  Overlord  
  147  10:05  Mutalisk x2  
  147  10:06  Mutalisk x2  
  136  10:11  Mutalisk  
  134  10:20  Mutalisk  
  134  10:21  Mutalisk  
  128  10:26  Zergling x2  
  128  10:27  Zergling x14  
  116  10:49  Mutalisk x2  
  113  10:55  Hatchery  
  115  11:02  Mutalisk x2  
  104  11:12  Spawning Pool  
  104  11:16  Mutalisk x3  
  101  11:27  Mutalisk  
  100  11:42  Drone x3  
  81  12:06  Mutalisk  
  81  12:13  Drone  
  81  12:17  Evolution Chamber  
  81  12:20  Drone x2  
  81  12:21  Drone  
  83  12:36  Extractor  
  75  12:59  Drone x3  
  75  13:03  Spawning Pool  
  77  13:18  Drone  
  78  13:45  Drone x3  
  79  14:13  Drone x2, Spine Crawler  
  79  14:15  Spine Crawler x2, Spore Crawler  
  79  14:16  Spine Crawler  
  72  14:39  Drone x3  
  70  15:16  Zergling x2  
  68  15:24  Zergling x2  
  68  15:25  Zergling x2  
  70  15:36  Zergling x2  
  71  15:47  Extractor  
  70  15:52  Drone x2  
  72  16:05  Zergling x2  
Show
View Real Time Build Order
Export as new Build Order

Bails Protoss 

Build Orders: 1 Gate Expand 

Get SALT Encoding   

  12  0:01  Probe (Chrono Boost)  
  13  0:11  Probe (Chrono Boost)  
  14  0:18  Pylon  
  14  0:22  Probe (Chrono Boost)  
  15  0:36  Probe (Chrono Boost)  
  15  0:40  Gateway  
  16  0:47  Probe (Chrono Boost)  
  16  0:49  Assimilator  
  17  0:58  Probe (Chrono Boost)  
  18  1:07  Pylon  
  18  1:08  Probe (Chrono Boost)  
  19  1:19  Probe (Chrono Boost)  
  19  1:22  Pylon  
  20  1:43  Nexus  
  20  1:54  Cybernetics Core  
  20  1:57  Probe (Chrono Boost)  
  21  2:04  Assimilator  
  21  2:07  Probe (Chrono Boost)  
  22  2:12  Pylon  
  22  2:18  Probe (Chrono Boost)  
  23  2:23  Warp Gate  
  23  2:26  Adept  
  25  2:37  Twilight Council  
  25  2:42  Probe (Chrono Boost)  
  26  2:50  Adept  
  26  2:54  Probe (Chrono Boost)  
  26  2:58  Probe (Chrono Boost)  
  31  3:06  Probe (Chrono Boost)  
  31  3:09  Probe (Chrono Boost), Resonating Glaives  
  32  3:18  Probe (Chrono Boost)  
  34  3:21  Probe (Chrono Boost)  
  34  3:23  Sentry, Gateway  
  36  3:31  Gateway  
  37  3:35  Probe (Chrono Boost)  
  37  3:38  Probe (Chrono Boost)  
  38  3:47  Probe (Chrono Boost)  
  39  3:48  Pylon  
  39  3:49  Adept  
  39  3:52  Mothership Core (Chrono Boost)  
  43  3:59  Probe (Chrono Boost)  
  44  4:11  Probe (Chrono Boost)  
  44  4:12  Probe (Chrono Boost)  
  44  4:13  Dark Shrine  
  46  4:22  Probe (Chrono Boost)  
  46  4:23  Probe (Chrono Boost)  
  48  4:26  Adept x3  
  48  4:27  Pylon  
  54  4:40  Robotics Facility  
  55  4:45  Probe (Chrono Boost)  
  55  4:48  Adept x3  
  55  4:51  Pylon  
  62  5:03  Nexus  
  61  5:09  Probe (Chrono Boost)  
  62  5:18  Pylon  
  63  5:22  Warp Prism  
  63  5:25  Adept x3  
  63  5:28  Probe (Chrono Boost)  
  64  5:29  Probe (Chrono Boost)  
  64  5:38  Probe (Chrono Boost)  
  64  5:42  Probe (Chrono Boost)  
  62  5:43  Pylon  
  62  5:46  Dark Templar x2  
  66  5:53  Probe (Chrono Boost), Assimilator  
  66  5:54  Assimilator  
  66  5:56  Probe (Chrono Boost)  
  68  6:01  Forge  
  68  6:04  Probe (Chrono Boost), Stalker  
  71  6:06  Probe (Chrono Boost)  
  72  6:14  Probe (Chrono Boost)  
  72  6:16  Probe (Chrono Boost), Pylon  
  72  6:17  Probe (Chrono Boost)  
  75  6:25  Probe (Chrono Boost)  
  76  6:26  Immortal  
  76  6:27  Probe x2 (Chrono Boost)  
  76  6:31  Dark Templar, Protoss Ground Weapons Level 1  
  84  6:35  Probe (Chrono Boost)  
  84  6:36  Photon Cannon  
  84  6:38  Probe x2 (Chrono Boost)  
  87  6:46  Probe (Chrono Boost)  
  88  6:48  Probe x2 (Chrono Boost)  
  88  6:52  Sentry  
  88  6:53  Assimilator  
  90  6:56  Probe (Chrono Boost)  
  90  6:57  Assimilator  
  90  6:58  Blink  
  90  6:59  Probe x2 (Chrono Boost)  
  93  7:05  Warp Prism  
  93  7:06  Pylon  
  94  7:08  Probe (Chrono Boost)  
  94  7:10  Photon Cannon  
  94  7:13  Adept  
  94  7:14  Stalker  
  98  7:18  Probe x2 (Chrono Boost)  
  100  7:25  Gateway  
  100  7:28  Sentry, Gateway  
  100  7:29  Stalker x2  
  100  7:32  Gateway  
  100  7:34  Gateway  
  100  7:36  Pylon  
  100  7:41  Templar Archives  
  100  7:42  Gateway  
  100  7:45  Observer, Gateway  
  100  7:48  Sentry  
  103  7:56  Probe (Chrono Boost), Stalker x2  
  102  8:00  Probe x2 (Chrono Boost)  
  100  8:08  Photon Cannon  
  100  8:10  Probe (Chrono Boost)  
  100  8:13  Stalker  
  100  8:19  Stalker  
  105  8:20  Probe (Chrono Boost), Stalker  
  105  8:23  Pylon  
  105  8:25  Probe (Chrono Boost)  
  104  8:28  Probe (Chrono Boost)  
  104  8:32  Photon Cannon  
  105  8:35  Pylon  
  105  8:40  Protoss Ground Weapons Level 2  
  105  8:42  Stalker  
  105  8:44  High Templar x2  
  105  8:48  Archon  
  111  8:51  Dark Templar  
  115  8:56  Probe (Chrono Boost)  
  115  8:57  Probe x2 (Chrono Boost)  
  115  9:05  Stalker  
  115  9:07  Probe (Chrono Boost)  
  115  9:09  Probe x2 (Chrono Boost)  
  120  9:16  Stalker x2  
  124  9:34  Pylon  
  124  9:37  Pylon x2  
  122  9:52  Stalker x4, High Templar x2  
  126  9:55  Photon Cannon  
  126  9:56  Photon Cannon  
  126  9:57  Photon Cannon  
  126  9:58  Photon Cannon  
  126  9:59  Archon  
  127  10:10  Adept x2  
  111  10:16  Probe (Chrono Boost)  
  111  10:18  Stalker  
  70  11:24  High Templar x2  
  66  11:28  Archon  
  64  11:44  Zealot  
  66  12:44  Stalker x2  
  66  12:46  Stalker x2  
  66  13:03  Stalker x2  
  51  16:35  Assimilator  
  51  16:53  Assimilator  
  51  17:03  Assimilator  
Tags
 
Add a new tag
Caveats
  • Supply blocks, unpowered buildings, or Contaminate may cause inaccurate times.
  • Supply counts are checked every 10 seconds.